 Dungeon Crawl Stone Soup version 0.22-a0-32-ga749362bc3 (webtiles) character file.

92 Manul the Skirmisher (level 4, -5/35 HPs)
             Began as a Mummy Fighter on Jan 3, 2018.
             Killed by divine providence
             ... invoked by an orc priest
              (11 damage)
             ... on level 3 of the Dungeon.
             The game lasted 00:03:10 (2587 turns).

Manul the Skirmisher (Mummy Fighter)                Turns: 2587, Time: 00:03:10

Health: -5/35      AC:  9    Str: 19    XL:     4   Next: 35%
Magic:  4/4        EV:  5    Int:  7    God:
Gold:   166        SH:  9    Dex: 12    Spells: 3/3 levels left

rFire    x . .     SeeInvis .   g - +0 short sword (venom)
rCold    + . .     Gourm    .   c - +0 shield
rNeg     + + +     Faith    .   k - +0 chain mail
rPois    ∞         Spirit   .   (no helmet)
rElec    .         Reflect  .   (no cloak)
rCorr    .         Harm     .   (no gloves)
MR       .....                  (no boots)
Stlth    ..........             (no amulet)
HPRegen  0.11/turn              (no ring)
MPRegen  0.09/turn              (no ring)

@: no status effects
A: no food or potions, fire vulnerability, cold resistance 1, negative energy
resistance 3, torment resistance, unbreathing
a: no special abilities


You were on level 3 of the Dungeon.
You were not hungry.

You visited 1 branch of the dungeon, and saw 3 of its levels.

You collected 166 gold pieces.

Inventory:

Hand Weapons
 a - a +0 flail
 g - a +0 short sword of venom (weapon)
 j - a +0 dagger of holy wrath
Armour
 b - a +0 scale mail
 c - a +0 shield (worn)
 k - a +0 chain mail (worn)
Scrolls
 d - a scroll of enchant armour {unknown}
 e - a scroll of random uselessness {unknown}
 f - a scroll of amnesia {unknown}
 h - a scroll of identify {unknown}
 i - a scroll of enchant weapon {unknown}


   Skills:
 + Level 3.3 Fighting
 + Level 1.9 Maces & Flails
 + Level 3.1 Armour
 + Level 1.1 Dodging
 + Level 3.0 Shields


You had 3 spell levels left.
You didn't know any spells.

Dungeon Overview and Level Annotations

Branches:
Dungeon (3/15)

Altars:
Nemelex Xobeh
Sif Muna
Trog


Innate Abilities, Weirdness & Mutations

You do not eat or drink.
Your flesh is vulnerable to fire.
You are immune to poison.
Your flesh is cold resistant. (rC+)
You are immune to negative energy. (rN+++)
You are immune to unholy pain and torment.
You can survive without breathing.


Message History

You kill the hobgoblin!
The orc priest hits you with a whip.
Items here: $ ) ? [ † a club; a leather armour; a scroll labeled TETYUS ZOVUAPT; 11 gold pieces a hobgoblin corpse You closely miss the orc priest.
The orc priest invokes the aid of Beogh against you.
Beogh smites you!
The orc priest calls down the wrath of Beogh upon you.
Beogh smites you!
* * * LOW HITPOINT WARNING * * *
You are too injured to fight recklessly!
You are too injured to fight recklessly!
You closely miss the orc priest. The orc priest hits you with a whip.
* * * LOW HITPOINT WARNING * * *
You hit the orc priest.
The orc priest is poisoned.
The orc priest is moderately wounded.
The orc priest calls down the wrath of Beogh upon you.
Beogh smites you!
You die...

##........# #.# #.....#.# #..
.'.....†..####'## #####.#.# #.#
.#............... #.#.#####
.######..#.......########.#......
.# ##.#................####### .#
#.#........######### .#
#..........#
#########.####+##.###########
o.g...g.#..# #.o@...).......#
#######.##.###..#.#########.#
#.##..##..#...# #..g#####
#.###.##..#...# #.#o....#
#.###.##..#.### #!#o###.#
#..g......#.. #.#<..#..
#####.....### #.####### #.#..##
#........ #.#..# #########


You could see an orc priest.

Vanquished Creatures
  An adder (D:2)
  An ooze (D:2)
  2 worms (D:2)
  A dart slug (D:1)
  A leopard gecko (D:3)
  4 orcs (D:3)
  A giant cockroach (D:1)
  8 goblins
  10 hobgoblins
  5 jackals
  8 kobolds
  A quokka (D:2)
  2 ball pythons
  3 bats
  4 frilled lizards
  8 rats
60 creatures vanquished.

Notes
Turn   | Place    | Note
-------+----------+-------------------------------------------
     0 | D:1      | Manul the Mummy Fighter began the quest for the Orb.
     0 | D:1      | Reached XP level 1. HP: 18/18 MP: 1/1
   245 | D:1      | Reached XP level 2. HP: 16/24 MP: 2/2
   619 | D:1      | Found a sparkling altar of Nemelex Xobeh.
   837 | D:1      | Reached XP level 3. HP: 28/29 MP: 3/3
  1240 | D:2      | Found a deep blue altar of Sif Muna.
  1507 | D:2      | Noticed a moth of wrath
  1509 | D:2      | Found a bloodstained altar of Trog.
  1571 | D:2      | Reached XP level 4. HP: 35/35 MP: 4/4
  1905 | D:3      | Reached skill level 1 in Dodging
  2587 | D:3      | Killed from afar by an orc priest

Vault maps used:
D:1:      dpeg_cavernosity, nemelex_xobeh_ov_fountains_minmay
D:2:      lemuel_doored_altar, tgw_trog
D:3:      nicolae_overflow_quartered_altars

Skill      XL: |  1  2  3  4 |
---------------+-------------+-----
Armour         | 3 |  3.1
Shields        | 3 |  3.0
Dodging        | 1 |  1.1
Fighting       | |  3.3
Maces & Flails | |  1.9

Action                   |  1- 3 |  4- 6 || total
-------------------------+-------+-------++-------
Melee: Flail             |    24 |       ||    24
       Short sword       |   120 |    52 ||   172
  Use: Scroll            |       |     1 ||     1
Armor: Scale mail        |    47 |     7 ||    54
       Chain mail        |       |    21 ||    21
Dodge: Dodged            |    41 |    11 ||    52
Block: Shield            |    78 |    28 ||   106

Table legend:
 A = Spawn XP
 B = Non-spawn XP
 C = Spawn XP percentage of total XP
 D = Spawn monster count
 E = Non-spawn monster count
 F = Spawn count percentage of total count
 G = Total turns spent on level
                    A         B        C        D         E        F      G
               +---------+---------+-------+---------+---------+-------+---------
         Total |       0 |     132 |   0.0 |       0 |      60 |   0.0 |  2587
               +---------+---------+-------+---------+---------+-------+---------
           D:1 |       0 |      43 |   0.0 |       0 |      24 |   0.0 |   912
           D:2 |       0 |      56 |   0.0 |       0 |      20 |   0.0 |  1220
           D:3 |       0 |      33 |   0.0 |       0 |      16 |   0.0 |   455
               +---------+---------+-------+---------+---------+-------+---------
